 Dungeon Crawl Stone Soup version 0.21.1-1-g345015f (webtiles) character file.

104 microfolk the Chopper (level 4, -2/41 HPs)
             Began as a Minotaur Berserker on Apr 26, 2018.
             Was a Believer of Trog.
             Slain by an adder (4 damage)
             ... on level 2 of the Dungeon.
             The game lasted 00:01:51 (967 turns).

microfolk the Chopper (Minotaur Berserker)           Turns: 967, Time: 00:01:52

Health: -2/41      AC:  2    Str: 22    XL:     4   Next: 52%
Magic:  3/3        EV: 12    Int:  4    God:    Trog [**....]
Gold:   93         SH:  0    Dex: 10    Spells: 3/3 levels left

rFire    . . .     SeeInvis .   a - +0 hand axe
rCold    . . .     Gourm    .   (no shield)
rNeg     . . .     Faith    .   b - +0 animal skin
rPois    .         Spirit   .   (helmet restricted)
rElec    .         Reflect  .   (no cloak)
rCorr    .         Harm     .   (no gloves)
MR       .....                  (no boots)
Stlth    +.........             (no amulet)
HPRegen  0.13/turn              (no ring)
MPRegen  0.08/turn              (no ring)

@: lethally poisoned (-2 -> -16)
A: retaliatory headbutt, horns 2
a: Berserk, Trog's Hand, Burn Spellbooks, Renounce Religion


You were on level 2 of the Dungeon.
You worshipped Trog.
Trog was pleased with you.
You were not hungry.

You visited 1 branch of the dungeon, and saw 2 of its levels.

You collected 93 gold pieces.

Inventory:

Hand Weapons
 a - a +0 hand axe (weapon)
 l - a +0 hunting sling
Missiles
 d - a throwing net (quivered)
 h - 8 sling bullets
 i - 30 stones
Armour
 b - a +0 animal skin (worn)
Scrolls
 g - 2 scrolls of teleportation {unknown}
 m - a scroll of immolation {unknown}
 n - a scroll of identify {unknown}
Potions
 e - a potion of berserk rage {unknown}
 j - a potion of might {unknown}
 k - a potion of curing {unknown}
Comestibles
 c - 4 rations
 f - 13 chunks of flesh


   Skills:
 + Level 4.4 Fighting
 * Level 5.3 Axes
 + Level 3.4 Armour
 - Level 2.1 Dodging


You had 3 spell levels left.
You didn't know any spells.

Dungeon Overview and Level Annotations

Branches:
Dungeon (2/15)

Altars:


Innate Abilities, Weirdness & Mutations

You reflexively headbutt those who attack you in melee.
You have a pair of horns on your head.


Message History

You completely miss the adder. The adder barely misses you.
The adder bites you.
You are poisoned.
The adder poisons you!
You hit the adder but do no damage.
You feel sick. The adder bites you.
* * * LOW HITPOINT WARNING * * *
You are more poisoned.
The adder poisons you!
You barely miss the adder. You headbutt the adder.
The adder is severely wounded.
You feel sick. The adder bites you.
* * * LOW HITPOINT WARNING * * *
You are more poisoned.
The adder poisons you! The adder bites you.
* * * LOW HITPOINT WARNING * * *
You hit the adder but do no damage. Your headbutt misses the adder.
The adder is severely wounded.
* * * LOW HITPOINT WARNING * * *
You feel sick. The adder bites you.
You die...

## ##
#. .#
.#.
..?
#.#
#.#
#S#
#.#
#@#
#.#
#.#
#.#
#.#
#.#
#.#
#.#
#.##
#.#
#..#
###รท#
##.#
....##
#.#
.....#
#.#


You could see an adder.

Vanquished Creatures
  Robin (D:2)
  4 gnolls (D:2)
  A worm (D:2)
  A leopard gecko (D:1)
  3 orcs (D:2)
  3 bats (D:1)
  2 giant cockroaches (D:1)
  9 goblins
  3 hobgoblins
  3 jackals (D:2)
  A quokka (D:2)
  3 ball pythons (D:1)
  3 frilled lizards (D:1)
  4 kobolds
  12 rats
53 creatures vanquished.

Notes
Turn   | Place    | Note
-------+----------+-------------------------------------------
     0 | D:1      | microfolk the Minotaur Berserker began the quest for the Orb.
     0 | D:1      | Reached XP level 1. HP: 19/19 MP: 0/0
   112 | D:1      | Reached skill level 4 in Axes
   201 | D:1      | Reached XP level 2. HP: 27/27 MP: 1/1
   386 | D:1      | Reached ** piety under Trog
   659 | D:2      | Reached XP level 3. HP: 33/33 MP: 2/2
   687 | D:2      | Reached skill level 5 in Axes
   687 | D:2      | Reached XP level 4. HP: 40/40 MP: 3/3
   789 | D:2      | Noticed Robin
   802 | D:2      | Killed Robin
   967 | D:2      | HP: 2/41 [poisoned by an adder]
   967 | D:2      | Slain by an adder

Skill      XL: |  1  2  3 |
---------------+----------+-----
Axes           | 4 5 |  5.3
Fighting       | 4 |  4.4
Armour         | 3 |  3.4
Dodging        | |  2.1

Action                   |  1- 3 |  4- 6 || total
-------------------------+-------+-------++-------
Melee: Hand axe          |    52 |    38 ||    90
       Headbutt          |     8 |     7 ||    15
Invok: Berserk           |     1 |     1 ||     2
 Stab: Sleeping          |     2 |       ||     2
  Eat: Chunk             |       |     2 ||     2
Armor: Animal skin       |    11 |     3 ||    14
Dodge: Dodged            |    40 |    18 ||    58
